 Dungeon Crawl Stone Soup version 0.29.1-1-gd02db6906a (webtiles) character file.

Game seed: 16534593861772418095

5616 DemonSlayer the Thaumaturge (level 10, 0/70 HPs)
             Began as a Demonspawn Fire Elementalist on Oct 18, 2022.
             Was an Initiate of Yredelemnul.
             Slain by an orc warrior
             ... wielding a +0 trident
              (15 damage)
             ... on level 9 of the Dungeon on Oct 19, 2022.
             The game lasted 00:29:21 (12155 turns).

DemonSlayer the Thaumaturge (DsFE)                 Turns: 12155, Time: 00:29:21

Health: 0/70       AC:  3    Str:  8    XL:     10   Next: 45%
Magic:  18/22      EV: 13    Int: 21    God:    Yredelemnul [......]
Gold:   488        SH:  0    Dex: 14    Spells: 16/26 levels left

rFire   . . .      SeeInvis +   c - +4 dagger (freeze)
rCold   . . .      Faith    .   (no shield)
rNeg    . . .      Spirit   .   a - +0 robe
rPois   .          Reflect  .   (helmet restricted)
rElec   .          Harm     .   (no cloak)
rCorr   .          Rampage  .   m - +0 pair of gloves
Will    .....                   (no boots)
Stlth   +++.......              (no amulet)
HPRegen 0.21/turn               q - ring of see invisible
MPRegen 0.36/turn               (no ring)

@: no status effects
A: claws 1, horns 2, magic regeneration, demonic magic 1, weakness stinger 1
a: Renounce Religion, Recall Undead Harvest


You were on level 9 of the Dungeon.
You worshipped Yredelemnul.
Yredelemnul was noncommittal.
You visited 1 branch of the dungeon, and saw 9 of its levels.
You also visited: Ossuary.

You collected 488 gold pieces.

Inventory:

Hand Weapons
 c - a +4 dagger of freezing (weapon)
 d - a +3 vorpal dagger
Armour
 a - a +0 robe (worn)
 m - a +0 pair of gloves (worn)
Jewellery
 q - a ring of see invisible (left hand)
Wands
 w - a wand of flame (22)
Scrolls
 f - 3 scrolls of immolation
 j - a scroll of teleportation
 t - 2 scrolls of magic mapping
 u - a scroll of poison
Potions
 b - a potion of magic
 e - 2 potions of resistance
 g - 4 potions of lignification
 h - a potion of curing
 i - 3 potions of berserk rage {unknown}
 k - 2 potions of haste {unknown}
 l - 2 potions of ambrosia
 n - 3 potions of cancellation
 p - 6 potions of mutation
 r - 2 potions of attraction {unknown}
 s - 3 potions of might
 x - 2 potions of brilliance {unknown}


   Skills:
 + Level 3.5 Fighting
 + Level 2.4 Short Blades
 + Level 3.7 Dodging
 + Level 7.1 Stealth
 + Level 8.5 Spellcasting
 + Level 3.1 Conjurations
 + Level 8.2 Fire Magic
 + Level 0.4 Evocations


You had 16 spell levels left.
You knew the following spells:

 Your Spells              Type           Power      Damage    Failure   Level
a - Foxfire               Conj/Fire      100%       2x1d9     1%          1
b - Scorch                Fire           86%        2d9       1%          2
c - Flame Wave            Conj/Fire      32%        2d9       8%          4
d - Conjure Flame         Conj/Fire      32%        6-21      2%          3

Your spell library contained the following spells:

 Spells                   Type           Power      Damage    Failure   Level
 Inner Flame              Hex/Fire       26%        N/A       4%          3


Dungeon Overview and Level Annotations

Branches:
Dungeon (9/15)             Temple (0/1) D:5         Ossuary (visited)
   Lair: D:8-11         Orc: D:9-12

Altars:
Dithmenos
Fedhas
Gozag
Kikubaaqudgha
Makhleb
Nemelex Xobeh
Qazlal
Ru
Sif Muna
Trog
Vehumet
Wu Jian
Xom
Yredelemnul

Shops:
D:2 =(:


Innate Abilities, Weirdness & Mutations

You have sharp fingernails.
You have a pair of horns on your head.
You regenerate magic rapidly.
Spells you cast may paralyse adjacent enemies.
You have a small tail.


Message History

You climb upwards.
There is a stone staircase leading down here.
Magic restored.
HP restored.
Done exploring.
Done exploring.
Done exploring.
Done exploring.
You climb downwards.
There is a stone staircase leading up here.
Flames lash the orc warrior.
The orc warrior is burned terribly!
The orc warrior is heavily wounded.
Malevolent energies surge around you.
The orc warrior shouts!
The orc warrior hits you from afar with a +0 glaive!
The orc warrior barely misses you.
The orc warrior hits you from afar with a +0 trident!
Flames lash the orc warrior.
The orc warrior is lightly wounded.
The orc warrior's fire resistance burns away.
Malevolent energies surge around you.
You hear a shout!
The orc warrior barely misses you.
The orc warrior hits you from afar with a +0 trident!
You hear a shout!
Flames lash the orc warrior.
The orc warrior is burned terribly!
The orc warrior is severely wounded.
Malevolent energies surge around you.
The orc warrior hits you with a +0 glaive!
The orc warrior closely misses you.
The orc warrior attacks as you move away!
The orc warrior hits you with a +0 glaive!
* * * LOW HITPOINT WARNING * * *
The orc warrior barely misses you.
There is a stone staircase leading up here.
The orc warrior is no longer more vulnerable to fire.
The orc warrior completely misses you.
The orc warrior hits you from afar with a +0 trident!
You die...
Your body rises from the dead as a mindless zombie. #ooooo# ###'##### #.oooo# #.Z.# ## #)oooo#

###.### ...#o###### #......
..........# ###...... .......o..#
#############........
..........###.>........#..#....[.
..........#[[)o........'.##......
.........('.#[o.@......####......
..........###..........# #......
..........# #..........# #####.#
..........# ###'######## #.#
###.####### #.# #.# #. #.# #.# #
#.# #.# #..# #># #'######### #.#


You could see 2 orc warriors.

Vanquished Creatures
  Pikel (D:5)
  An unseen horror (D:8)
  Prince Ribbit (D:7)
  A wyvern (D:9)
  3 yaks (D:8)
  A steam dragon (D:6)
  Duvessa (D:7)
  2 ice beasts
  4 orc warriors
  2 black bears
  An ogre (D:6)
  2 lemures (D:5)
  A centaur (D:8)
  3 kobold brigands
  2 bullfrogs
  A necrophage (D:4)
  A scorpion (D:6)
  2 wights (D:8)
  Dowan (D:7)
  10 killer bees
  An electric eel (D:6)
  A quasit (D:6)
  A centaur zombie (Ossuary)
  A jelly (D:4)
  3 orc priests
  4 hounds
  A human zombie (Ossuary)
  2 iguanas (D:6)
  7 orc wizards
  4 mummies (Ossuary)
  10 adders
  2 shadow imps (D:6)
  A white imp (D:7)
  4 ufetubi
  2 worms (D:2)
  3 dart slugs
  43 orcs
  2 bats
  9 endoplasms
  4 giant cockroaches
  2 gnoll zombies (Ossuary)
  6 goblins
  11 hobgoblins
  4 jackals
  2 quokkas
  9 ball pythons
  A frilled lizard (D:2)
  2 goblin zombies (Ossuary)
  2 hobgoblin zombies (Ossuary)
  15 kobolds
  5 rats
205 creatures vanquished.

Vanquished Creatures (collateral kills)
  3 yaks (D:8)
  A scorpion (D:6)
  A bullfrog (D:7)
  A wight (D:8)
  4 killer bees
  2 howler monkeys
  A hound (D:7)
  An orc priest (D:7)
  An iguana (D:7)
  An orc wizard (D:7)
  2 shadow imps (D:6)
  6 orcs
  3 endoplasms
  A giant cockroach (D:4)
  A quokka (D:4)
  A kobold (D:8)
30 creatures vanquished.

Vanquished Creatures (others)
  A yak zombie (D:8)
  2 bullfrog zombies
  6 killer bee zombies
  An adder zombie (D:4)
  A ball python zombie (D:4)
  An endoplasm zombie (D:2)
  2 giant cockroach zombies (D:4)
  A hobgoblin zombie (D:4)
  A jackal zombie (D:4)
  3 kobold zombies (D:8)
  26 orc zombies
  6 demonic plants (D:6)
  259 foxfires
  9 fungi (D:7)
  A plant (D:7)
320 creatures vanquished.

Grand Total: 555 creatures vanquished

Notes
Turn   | Place    | Note
-------+----------+-------------------------------------------
     0 | D:1      | DemonSlayer the Demonspawn Fire Elementalist began the
                  | quest for the Orb.
     0 | D:1      | Reached XP level 1. HP: 13/13 MP: 3/3
   359 | D:1      | Found a faded altar of an unknown god.
   364 | D:1      | Discovered your monstrous ancestry.
   364 | D:1      | Gained mutation: You have sharp fingernails. [demonic
                  | ancestry]
   364 | D:1      | Reached XP level 2. HP: 12/19 MP: 0/5
   477 | D:1      | Learned a level 2 spell: Scorch
  1481 | D:2      | Found Tilakkun's Vocational Training.
  1487 | D:2      | Gained mutation: Spells you cast may paralyse adjacent
                  | enemies. [demonic ancestry]
  1487 | D:2      | Reached XP level 3. HP: 21/25 MP: 2/6
  1621 | D:2      | Found a basalt altar of Yredelemnul.
  1630 | D:2      | Found Hubbus's Weapon Emporium.
  1838 | D:2      | Became a worshipper of Yredelemnul the Dark
  2052 | D:2      | Found Ocuitez's One-of-a-Kind Rings.
  2071 | D:2      | Reached * piety under Yredelemnul
  2075 | D:2      | Reached XP level 4. HP: 31/31 MP: 0/7
  2540 | D:2      | Learned a level 4 spell: Flame Wave
  4242 | D:4      | Noticed a necrophage
  4435 | D:4      | Killed a necrophage
  4436 | D:4      | Gained mutation: You regenerate magic rapidly. [demonic
                  | ancestry]
  4436 | D:4      | Reached XP level 5. HP: 31/36 MP: 0/9
  4570 | D:4      | Reached skill level 1 in Fighting
  4637 | D:4      | Found a sparkling altar of Nemelex Xobeh.
  4637 | D:4      | Found an ornate altar of the Wu Jian Council.
  4637 | D:4      | Found a shimmering blue altar of Sif Muna.
  5013 | D:4      | Learned a level 3 spell: Conjure Flame
  5215 | D:5      | Entered Level 5 of the Dungeon
  5215 | D:5      | Noticed a black bear
  5225 | D:5      | Killed a black bear
  5226 | D:5      | Gained mutation: You have a pair of small horns on your
                  | head. [demonic ancestry]
  5226 | D:5      | Reached XP level 6. HP: 41/43 MP: 8/11
  5253 | D:5      | Noticed Pikel
  5270 | D:4      | Reached skill level 1 in Short Blades
  5395 | D:5      | Found a sand-covered staircase.
  5400 | Ossuary  | Entered an ossuary
  5863 | D:5      | Gained mutation: You have a small tail. [demonic ancestry]
  5863 | D:5      | Reached XP level 7. HP: 50/50 MP: 7/12
  5969 | D:5      | Killed Pikel
  5970 | D:5      | Reached XP level 8. HP: 38/56 MP: 8/15
  6116 | D:5      | Identified the +1 chain mail of the Valley {rElec}
  6174 | D:5      | Reached ** piety under Yredelemnul
  6185 | D:5      | Found a staircase to the Ecumenical Temple.
  6242 | D:5      | Found a shadowy altar of Dithmenos.
  6299 | D:5      | You fall into a shaft and drop 2 floors!
  6305 | D:7      | Found a blossoming altar of Fedhas.
  6312 | D:7      | Noticed Duvessa
  6313 | D:7      | Noticed Dowan
  6327 | D:7      | Killed Duvessa
  6330 | D:7      | Reached skill level 5 in Stealth
  6330 | D:7      | Reached skill level 5 in Spellcasting
  6330 | D:7      | Reached skill level 5 in Fire Magic
  7219 | D:6      | Found an ancient bone altar of Kikubaaqudgha.
  7529 | D:6      | Reached *** piety under Yredelemnul
  7733 | D:6      | Reached XP level 9. HP: 59/62 MP: 13/18
  7959 | D:6      | Reached **** piety under Yredelemnul
  8186 | D:6      | Found a burning altar of Makhleb.
  8188 | D:6      | Found a shimmering altar of Xom.
  8188 | D:6      | Found an opulent altar of Gozag.
  8188 | D:6      | Found a sacrificial altar of Ru.
  8189 | D:6      | Found a radiant altar of Vehumet.
  8189 | D:6      | Found a stormy altar of Qazlal.
  8190 | D:6      | Found a bloodstained altar of Trog.
  8728 | D:7      | Killed Dowan
  9033 | D:7      | Noticed Prince Ribbit
  9038 | D:7      | Killed Prince Ribbit
 10094 | D:8      | Gained mutation: You have a pair of horns on your head.
                  | [demonic ancestry]
 10094 | D:8      | Reached XP level 10. HP: 61/70 MP: 12/21
 12155 | D:9      | Slain by an orc warrior

Illustrated notes

Levels and vault maps discovered:
D:1:      onia_arrival_handbag, layout_rooms, ebering_ecumenical_altar_hall,
          nicolae_concentric_dashed_squares_wild, fountainhead
D:2:      layout_loops_ring, serial_shops, shop, basic_altar,
          nicolae_shop_unique_rings, nicolae_shop_vocational
D:3:      layout_basic
D:4:      cheibrodos_barr_body, layout_basic, gammafunk_temple_overflow_claw,
          serial_glass, glass_columns_b, glass_columns_a, glass_columns_b,
          item_on_display_a, item_on_display_a
D:5:      layout_cave_pools, kennysheep_mini, temple_fountains,
          serial_column_ruins, column_ruins_open_medium, column_ruins_open_tiny,
          column_ruins_grid_2, column_ruins_open_small,
          column_ruins_columns_straight, column_ruins_grid_1, enter_ossuary_2,
          uniq_pikel
D:6:      layout_layer_cave, minitemple, serial_demonic, serial_demonic_g,
          serial_demonic_d, serial_demonic_d, serial_demonic_b, kennysheep_donut
D:7:      layout_cave_pools, fedhas_altar_3, uniq_prince_ribbit1, uniq_duvessa
D:8:      kennysheep_blocky_hall, layout_basic, chequers_garden,
          kennysheep_cluttered_room, hangedman_decor_clover_reticule
D:9:      layout_roguey, special_room [special_room_orc]

Skill      XL: |  1  2  3  4  5  6  7  8  9 10 |
---------------+-------------------------------+-----
Stealth        | 2 3 4 5 6 7 |  7.1
Fire Magic     | 3 4 6 7 8 |  8.2
Dodging        | 2 3 |  3.7
Spellcasting   | 3 4 6 7 8 |  8.5
Fighting       | 1 2 3 |  3.5
Conjurations   | 2 3 |  3.1
Short Blades   | 1 2 |  2.4
Evocations     | |  0.4

Action                   |  1- 3 |  4- 6 |  7- 9 | 10-12 || total
-------------------------+-------+-------+-------+-------++-------
Melee: Unarmed           |     4 |       |       |       ||     4
       Club              |    20 |       |       |       ||    20
       Dagger            |    12 |    77 |    79 |    16 ||   184
       Punch             |       |     1 |       |       ||     1
       Headbutt          |       |     6 |    11 |     1 ||    18
       Tailslap          |       |       |     6 |     1 ||     7
 Cast: Foxfire           |    57 |    96 |    16 |       ||   169
       Scorch            |    10 |    24 |   107 |    42 ||   183
       Conjure Flame     |       |       |     1 |       ||     1
Evoke: Wand              |       |       |     2 |       ||     2
  Use: Scroll            |       |    12 |     6 |     1 ||    19
       Potion            |       |     6 |     7 |       ||    13
 Stab: Paralysed         |     2 |    16 |    26 |     9 ||    53
       Sleeping          |     1 |     9 |     2 |     1 ||    13
Armor: Robe              |    11 |    35 |     9 |     3 ||    58
       Skin              |       |       |    36 |       ||    36
Dodge: Dodged            |    36 |    76 |    47 |    20 ||   179
